 Dungeon Crawl Stone Soup version 0.29.1-2-gbd0b4ee654 (webtiles) character file.

Game seed: 2849026388221893939

156 PhantomBowie the Cudgeller (level 5, 0/47 HPs)
             Began as a Minotaur Berserker on Nov 21, 2022.
             Was a Believer of Trog.
             Succumbed to a scorpion's poison
             ... on level 4 of the Dungeon.
             The game lasted 00:05:24 (2554 turns).

PhantomBowie the Cudgeller (Minotaur Berserker)     Turns: 2554, Time: 00:05:25

Health: 0/47       AC:  7    Str: 24    XL:     5   Next: 14%
Magic:  4/4        EV: 11    Int:  4    God:    Trog [**....]
Gold:   149        SH:  0    Dex:  9    Spells: 4/4 levels left

rFire   . . .      SeeInvis .   a - +0 mace
rCold   . . .      Faith    .   (no shield)
rNeg    . . .      Spirit   .   m - +0 scale mail
rPois   .          Reflect  .   (helmet restricted)
rElec   .          Harm     .   (no cloak)
rCorr   .          Rampage  .   (no gloves)
Will    .....                   (no boots)
Stlth   ..........              (no amulet)
HPRegen 0.15/turn               (no ring)
MPRegen 0.09/turn               (no ring)

@: lethally poisoned (0 -> -11), on berserk cooldown, slowed, very slow
A: horns 2, retaliatory headbutt
a: Renounce Religion, Berserk, Trog's Hand


You were on level 4 of the Dungeon.
You worshipped Trog.
Trog was pleased with you.
You visited 1 branch of the dungeon, and saw 4 of its levels.

You collected 149 gold pieces.

Inventory:

Hand Weapons
 a - a +0 mace (weapon)
Armour
 m - a +0 scale mail (worn)
Wands
 r - a wand of polymorph (7)
Scrolls
 b - a scroll of amnesia {unknown}
 e - a scroll of magic mapping {unknown}
 g - 2 scrolls of fear {unknown}
 h - 4 scrolls of enchant weapon {unknown}
 j - 4 scrolls of identify {unknown}
 l - 2 scrolls of teleportation {unknown}
 n - a scroll of silence {unknown}
 p - 4 scrolls of blinking {unknown}
 q - a scroll of butterflies {unknown}
Potions
 c - a potion of mutation {unknown}
 d - 5 potions of curing {unknown}
 f - 2 potions of cancellation {unknown}
 i - a potion of berserk rage {unknown}
 k - 2 potions of haste {unknown}
 o - 2 potions of degeneration {unknown}
 s - a potion of heal wounds {unknown}
 t - a potion of invisibility {unknown}


   Skills:
 + Level 4.7 Fighting
 + Level 4.7 Maces & Flails
 + Level 3.8 Armour
 + Level 3.4 Dodging


You had 4 spell levels left.
You didn't know any spells.
Your spell library was empty.

Dungeon Overview and Level Annotations

Branches:
Dungeon (4/15)
 Temple: D:4-7

Altars:


Innate Abilities, Weirdness & Mutations

You have a pair of horns on your head.
You reflexively headbutt those who attack you in melee.


Message History

You closely miss the scorpion.
The scorpion is severely wounded.
You feel very sick. The scorpion barely misses you.
The scorpion stings you but does no damage.
You hit the scorpion but do no damage.
The scorpion is severely wounded.
You feel very sick.
The scorpion stings you but does no damage.
A red film seems to cover your vision as you go berserk!
You feel yourself moving faster!
You feel mighty!
You feel very sick. The scorpion stings you.
* * * LOW HITPOINT WARNING * * *
You are lethally poisoned!
The scorpion poisons you! The scorpion stings you.
* * * LOW HITPOINT WARNING * * *
You closely miss the scorpion.
The scorpion is severely wounded.
* * * LOW HITPOINT WARNING * * *
You feel very sick. The scorpion stings you.
* * * LOW HITPOINT WARNING * * *
You sock the scorpion!
You kill the scorpion!
Trog accepts your kill.
* * * LOW HITPOINT WARNING * * *
You feel very sick.
You have reached level 5!
You are too berserk!
There is a lethal amount of poison in your body!
* * * LOW HITPOINT WARNING * * *
You feel sick.
You feel a strong urge to attack something.
* * * LOW HITPOINT WARNING * * *
You feel sick.
You are no longer berserk.
You are exhausted.
You feel yourself slow down.
You die...

.# ## .# .## #####.##..
..###########.>.....#
...............##.#.###
......<........##.(....
.........##......#
.........##.#..#.#
............#..#@#
........^.......†...#
.........#####.#.####
...<)..........#.#
.............###.#
#.#####......# ... #.#
#..<...# #.# #.##
#......# #.# #..#
#......#


There were no monsters in sight!

Vanquished Creatures
  A scorpion (D:4)
  Terence (D:2)
  2 adders
  3 orcs (D:3)
  2 ball pythons
  5 bats
  2 endoplasms (D:1)
  2 giant cockroaches
  11 goblins
  5 hobgoblins
  4 jackals (D:2)
  2 quokkas
  4 frilled lizards
  4 kobolds
  4 rats
52 creatures vanquished.

Notes
Turn   | Place    | Note
-------+----------+-------------------------------------------
     0 | D:1      | PhantomBowie the Minotaur Berserker began the quest for the
                  | Orb.
     0 | D:1      | Reached XP level 1. HP: 19/19 MP: 0/0
   472 | D:1      | Found a faded altar of an unknown god.
   480 | D:1      | Reached XP level 2. HP: 27/27 MP: 1/1
  1199 | D:2      | Noticed Terence
  1209 | D:2      | Killed Terence
  1210 | D:2      | Reached XP level 3. HP: 24/33 MP: 2/2
  1702 | D:3      | Reached XP level 4. HP: 41/41 MP: 3/3
  1706 | D:3      | Reached ** piety under Trog
  2538 | D:4      | Noticed a scorpion
  2551 | D:4      | Killed a scorpion
  2552 | D:4      | Reached XP level 5. HP: 7/47 MP: 4/4
  2553 | D:4      | HP: 3/70 [poisoned by a scorpion]
  2554 | D:4      | Succumbed to a scorpion's poison

Illustrated notes

Levels and vault maps discovered:
D:1:      spicycebolla_green_bress_n_ham_2, layout_loops_corners,
          shapermc_ecumenical_altar_starsandcircs, kennysheep_flooded_box,
          minmay_misc_feat_alley
D:2:      layout_basic, uniq_terence
D:3:      corexii_shack_village, layout_loops_ring
D:4:      layout_loops_cross, enter_ossuary_5

Skill      XL: |  1  2  3 |
---------------+----------+-----
Fighting       | 4 |  4.7
Maces & Flails | 4 |  4.7
Armour         | 3 |  3.8
Dodging        | 3 |  3.4

Action                   |  1- 3 |  4- 6 || total
-------------------------+-------+-------++-------
Melee: Mace              |    60 |    55 ||   115
       Headbutt          |     5 |     7 ||    12
       Punch             |     1 |       ||     1
Invok: Berserk           |       |     1 ||     1
Armor: Ring mail         |     5 |       ||     5
       Scale mail        |     8 |    18 ||    26
Dodge: Dodged            |    40 |    31 ||    71
